 Dungeon Sprint DCSS version 0.30-a0-920-g7493c07aab (webtiles) character file.

Game seed: 443620592172826514

244 dialectric the Unseen (level 5, -7/28 HPs)
             Began as a Spriggan Brigand on Mar 21, 2023.
             Mangled by Menkaure (15 damage)
             ... in the Dungeon (Sprint II: "The Violet Keep of Menkaure").
             The game lasted 00:00:29 (65 turns).

dialectric the Unseen (Spriggan Brigand)              Turns: 65, Time: 00:00:29

Health: -7/28      AC:  3    Str:  7    XL:     5   Next: 83%
Magic:  6/6        EV: 18    Int: 12    God:
Gold:   243        SH:  0    Dex: 19    Spells: 4/4 levels left

rFire   . . .      SeeInvis +    a - +2 dagger
rCold   . . .      Faith    .    (no shield)
rNeg    . . .      Spirit   .    b - +0 robe
rPois   .          Reflect  .    (helmet restricted)
rElec   .          Rampage  .    c - +0 cloak
rCorr   .          NoTele   +    (gloves unavailable)
Will    .....                    (boots unavailable)
Stlth   ++++++                   (no amulet)
HPRegen 0.24/turn                (no ring)
MPRegen 0.10/turn                (no ring)

@: very quick
A: very small, no large weapons, unfitting armour, see invisible, speed 3
a: no special abilities


You were in the Dungeon.
You visited 1 branch You collected 243 gold pieces.

Inventory:

Hand Weapons
 a - a +2 dagger (weapon)
Missiles
 d - 9 poisoned darts (quivered)
 e - 3 curare-tipped darts
Armour
 b - a +0 robe (worn)
 c - a +0 cloak (worn)
Scrolls
 k - a scroll of blinking
Potions
 h - a potion of haste
 i - 2 potions of magic


   Skills:
 + Level 3.6 Fighting
 + Level 5.8 Short Blades
 - Level 3.3 Throwing
 + Level 2.8 Dodging
 + Level 15.6 Stealth


You had 4 spell levels left.
You didn't know any spells.
Your spell library was empty.

Dungeon Overview and Level Annotations

Branches:
Dungeon (1/1)

Altars:

Shops:
D ::

Annotations:
D exclusion: orange crystal statue, Menkaure


Innate Abilities, Weirdness & Mutations

You are very small and have problems with some larger weapons.
You are too small for most types of armour.
You have supernaturally acute eyesight. (SInv)
You cover ground extremely quickly. (Speed+++)


Message History

The necrophage is severely damaged.
The necrophage hits you.
You feel drained.
You hit the necrophage.
The necrophage is almost destroyed.
The necrophage hits you.
You closely miss the necrophage.
The necrophage is almost destroyed.
You feel yourself speed up. The necrophage barely misses you.
You barely miss the necrophage.
The necrophage is almost destroyed.
The necrophage closely misses you.
You hit the necrophage.
The necrophage is almost destroyed.
The necrophage barely misses you.
You closely miss the necrophage.
The necrophage is almost destroyed.
The necrophage hits you.
* * * LOW HITPOINT WARNING * * *
You hit the necrophage.
The necrophage is almost destroyed.
You hit the necrophage.
You destroy the necrophage!
Your life force feels restored.
Your Stealth skill increases to level 15!
There is an open door here.
You see here a necrophage corpse.
Found 243 gold pieces.
You now have 243 gold pieces.
You open the door.
Marking area around an orange crystal statue as unsafe for travelling.
There is an open door here.
Menkaure, Prince of Dust comes into view.
Found Dext's Book Shoppe and Foosiv's Book Emporium.
Menkaure shouts!
You hit Menkaure but do no damage.
You recover from your berserk rage.
Menkaure hits you!
Ouch! That really hurt!
You die...

## ≈≈§ §§§
§≈§≈§§§##
§§8≈§≈§≈#
≈§≈§§§ # ≈§≈≈
###~~#+++#+++##
##~~~..@......#
.#~~~~M##'##..#
.#~~~~##...##
.#~~~~#..#..#
.#~~# ##.#.##
∩#~##. ##†##
.#~#.m.##.## ∩+
#$+.<.+
#...##.##


You could see Menkaure.

Vanquished Creatures
  4 necrophages (D)
4 creatures vanquished.

Notes
Turn   | Place    | Note
-------+----------+-------------------------------------------
     0 | D        | dialectric the Spriggan Brigand began the quest for the
                  | Orb.
     0 | D        | Reached XP level 1. HP: 10/10 MP: 2/2
     1 | D        | Noticed a merfolk siren
     4 | D        | Noticed a necrophage
     4 | D        | Noticed a necrophage
     4 | D        | Noticed a necrophage
     4 | D        | Noticed a necrophage
    14 | D        | Killed a necrophage
    15 | D        | Reached skill level 11 in Stealth
    15 | D        | Reached XP level 2. HP: 16/16 MP: 3/3
    15 | D        | Reached XP level 3. HP: 19/19 MP: 4/4
    19 | D        | Killed a necrophage
    20 | D        | Reached skill level 13 in Stealth
    20 | D        | Reached XP level 4. HP: 23/23 MP: 5/5
    30 | D        | Killed a necrophage
    31 | D        | Reached skill level 5 in Short Blades
    31 | D        | Reached skill level 14 in Stealth
    31 | D        | Reached XP level 5. HP: 8/28 MP: 6/6
    56 | D        | Reached skill level 15 in Stealth
    61 | D        | Noticed an orange crystal statue
    63 | D        | Noticed Menkaure
    64 | D        | Found Dext's Book Shoppe.
    64 | D        | Found Foosiv's Book Emporium.
    65 | D        | Mangled by Menkaure

Illustrated notes

Levels and vault maps discovered:
D:        the_violet_keep_of_menkaure [sprint2_stairs_cluster_1,
          sprint2_shoproom, sprint2_temple, sprint2_basic_supplies,
          sprint2_obstacle_7, sprint2_obstacle_3, sprint2_obstacle_4,
          sprint2_obstacle_1, sprint2_obstacle_6, sprint2_timed_cluster_1,
          sprint2_smallroom_cluster_1, sprint2_smallroom_final_cluster_1,
          sprint2_transparent_cluster_1, sprint2_second_timed_cluster_1,
          sprint2_sniper_area_1, sprint2_heavy_combat_area_1,
          sprint2_mutation_trap_area_1, sprint2_forest_area_1,
          sprint2_light_combat_area_1, sprint2_behind_water_1,
          sprint2_near_end_vault_1]

Skill      XL: |  1  2  3  4  5 |
---------------+----------------+-----
Fighting       | 2 3 |  3.6
Short Blades   | 3 4 5 |  5.8
Stealth        | 11 13 14 15 | 15.6
Throwing       | 3 |  3.3
Dodging        | 2 |  2.8

Action                     |  1- 3 |  4- 6 || total
---------------------------+-------+-------++-------
  Melee: Dagger            |    13 |    33 ||    46
    Use: Potion            |     1 |     2 ||     3
 Armour: Robe              |     1 |     3 ||     4
  Dodge: Dodged            |     6 |    23 ||    29

Table legend: (Time is in decaauts)
 A = Elapsed time spent in this place.
 B = Non-inter-level travel time spent in this place.
 C = Inter-level travel time spent in this place.
 D = Time resting spent in this place.
 E = Time spent auto-exploring this place.
 F = Levels seen in this place.
 G = Mean time per level.
                   A        B        C        D        E       F      G
               +--------+--------+--------+--------+--------+-----+--------+
         Total |     58 |     58 |      0 |      0 |      0 |   1 |   58.0 |
       Dungeon |     58 |     58 |      0 |      0 |      0 |   1 |   58.0 |
               +--------+--------+--------+--------+--------+-----+--------+

Top non-repeatable levels by time:
       D: 58 daAuts
